[Event "Bamberg-Open 2019"]
[Site "Bamberg"]
[Date "2019.06.01"]
[Round "6.10"]
[White "Spitzl, Vinzent"]
[Black "Kues, Hendrik"]
[Result "1-0"]
[ECO "B27"]
[WhiteElo "2263"]
[BlackElo "2137"]
[Annotator "ChessBase"]
[PlyCount "53"]
[EventDate "2019.05.12"]
[EventType "swiss"]
[EventCountry "GER"]
[SourceTitle "playchess.com"]
[Source "ChessBase"]
[SourceQuality "1"]
[TimeControl "40/5400+30:900+30"]

1. e4 c5 2. Nf3 g6 3. d4 cxd4 4. Qxd4 Nf6 5. Nc3 Nc6 6. Qa4 d6 7. e5 dxe5 8. Nxe5 Bd7 9. Nxd7 Qxd7 10. Be3 Bg7 11. Rd1 Qc8 12. Be2 O-O 13. O-O a6 14. Qb3 b5 15. h3 Qc7 16. a4 b4 17. Nd5 Nxd5 18. Rxd5 Rfc8 19. Rc5 Qd6 20. Rd1 Qf6 21. Qc4 e5 22. Bf3 Ne7 23. Bxa8 Rxa8 24. Rc7 h5 25. Rdd7 Bf8 26. h4 Nf5 27. Rxf7 1-0

[Event "Bamberg-Open 2019"]
[Site "Bamberg"]
[Date "2019.06.01"]
[Round "6.11"]
[White "Fiedorek, Michal"]
[Black "Pribyl, Josef"]
[Result "1-0"]
[ECO "B06"]
[WhiteElo "2088"]
[BlackElo "2239"]
[Annotator "ChessBase"]
[PlyCount "67"]
[EventDate "2019.05.12"]
[EventType "swiss"]
[EventCountry "GER"]
[SourceTitle "playchess.com"]
[Source "ChessBase"]
[SourceQuality "1"]
[TimeControl "40/5400+30:900+30"]

1. e4 g6 2. d4 Bg7 3. Nc3 d6 4. Be3 a6 5. Qd2 Nd7 6. f3 b5 7. g4 Bb7 8. Nge2 c5 9. h4 h5 10. gxh5 Rxh5 11. Ng3 Rh7 12. O-O-O cxd4 13. Bxd4 Ngf6 14. Kb1 Qc7 15. h5 gxh5 16. Nf5 Bf8 17. Bh3 b4 18. Ne2 a5 19. Nc1 Ne5 20. Qg2 a4 21. Nd3 b3 22. Nxe5 dxe5 23. Bc3 bxa2+ 24. Ka1 a3 25. Qg3 axb2+ 26. Bxb2 Ra5 27. Rd3 h4 28. Qg5 Bc8 29. Rhd1 Bxf5 30. Qd2 e6 31. Rd8+ Ke7 32. Ba3+ Rc5 33. Bxc5+ Qxc5 34. Re8+ 1-0

[Event "Bamberg-Open 2019"]
[Site "Bamberg"]
[Date "2019.06.01"]
[Round "6.12"]
[White "Weishaeutel, Moritz"]
[Black "Carnot, Luca"]
[Result "1-0"]
[ECO "B42"]
[WhiteElo "2252"]
[BlackElo "2043"]
[Annotator "ChessBase"]
[PlyCount "51"]
[EventDate "2019.05.12"]
[EventType "swiss"]
[EventCountry "GER"]
[SourceTitle "playchess.com"]
[Source "ChessBase"]
[SourceQuality "1"]
[TimeControl "40/5400+30:900+30"]

1. e4 c5 2. Nf3 e6 3. d4 cxd4 4. Nxd4 a6 5. Bd3 Qc7 6. O-O Nf6 7. Qe2 d6 8. c4 Nbd7 9. f4 Be7 10. Nf3 e5 11. Nc3 O-O 12. h3 exf4 13. Bxf4 Ne5 14. Nxe5 dxe5 15. Bg5 Be6 16. Kh1 Ne8 17. Bxe7 Qxe7 18. Nd5 Qh4 19. Kh2 Rc8 20. Qe3 Bxd5 21. exd5 Nf6 22. Kg1 Rfe8 23. b3 b5 24. d6 Qd4 25. Qxd4 exd4 26. Rxf6 1-0

[Event "Bamberg-Open 2019"]
[Site "Bamberg"]
[Date "2019.06.01"]
[Round "6.13"]
[White "Kolb, Tobias"]
[Black "Spitzl, Bertram"]
[Result "1-0"]
[ECO "B13"]
[WhiteElo "1915"]
[BlackElo "2176"]
[Annotator "ChessBase"]
[PlyCount "76"]
[EventDate "2019.05.12"]
[EventType "swiss"]
[EventCountry "GER"]
[SourceTitle "playchess.com"]
[Source "ChessBase"]
[SourceQuality "1"]
[TimeControl "40/5400+30:900+30"]

1. e4 c6 2. d4 d5 3. exd5 cxd5 4. Bd3 Nc6 5. c3 Qc7 6. Ne2 Bg4 7. O-O e6 8. Qe1 Bxe2 9. Qxe2 g6 10. Nd2 Bg7 11. f4 Nge7 12. Nf3 h5 13. Ne5 a6 14. Bd2 Nf5 15. Rae1 Qd6 16. g4 hxg4 17. Qxg4 Nce7 18. Re2 Bxe5 19. fxe5 Qb6 20. Bg5 Qc7 21. Rc2 Rd8 22. h4 Rd7 23. Rh2 Rh5 24. Be2 Ng7 25. Qf4 Nef5 26. Bxh5 Nxh5 27. Qg4 Qc4 28. b3 Qb5 29. Rc1 Rc7 30. Rhc2 Qd3 31. Rd2 Qb5 32. Qe2 Qb6 33. Qd3 Qc6 34. c4 Nhg3 35. Rg2 Nh5 36. cxd5 Qxc1+ 37. Bxc1 Rxc1+ 38. Kh2 exd5 1-0

[Event "Bamberg-Open 2019"]
[Site "Bamberg"]
[Date "2019.06.01"]
[Round "6.14"]
[White "Troyke, Christian"]
[Black "Wehner, Janis"]
[Result "1-0"]
[ECO "A39"]
[WhiteElo "2328"]
[BlackElo "2128"]
[Annotator "ChessBase"]
[PlyCount "91"]
[EventDate "2019.05.12"]
[EventType "swiss"]
[EventCountry "GER"]
[SourceTitle "playchess.com"]
[Source "ChessBase"]
[SourceQuality "1"]
[TimeControl "40/5400+30:900+30"]

1. g3 c5 2. Bg2 Nc6 3. c4 Nf6 4. Nf3 g6 5. Nc3 Bg7 6. O-O O-O 7. d4 cxd4 8. Nxd4 Ng4 9. e3 d6 10. Nce2 Bd7 11. Bd2 Qb6 12. Bc3 Rfc8 13. b3 Qd8 14. Qd2 Rab8 15. Rfd1 a6 16. a4 Nxd4 17. Nxd4 Ne5 18. Rac1 Nc6 19. h3 Nxd4 20. exd4 Bc6 21. d5 Be8 22. Re1 b5 23. Bxg7 Kxg7 24. cxb5 axb5 25. a5 Rxc1 26. Rxc1 b4 27. Ra1 Qc7 28. Bf1 Bb5 29. a6 Bxf1 30. Kxf1 Qc5 31. Ra4 Ra8 32. Qd3 e6 33. dxe6 fxe6 34. Kg1 d5 35. Qd2 Qc3 36. Qg5 Qxb3 37. Qe7+ Kh8 38. Qf6+ Kg8 39. Qxe6+ Kh8 40. Ra5 Qb1+ 41. Kh2 Qf5 42. Qe3 b3 43. Qd4+ Kg8 44. Rxd5 Qf8 45. a7 b2 46. Rb5 1-0

[Event "Bamberg-Open 2019"]
[Site "Bamberg"]
[Date "2019.06.01"]
[Round "6.15"]
[White "Kunath, Tim"]
[Black "Promyshlyanskiy, Vitaliy"]
[Result "0-1"]
[ECO "C44"]
[WhiteElo "2103"]
[BlackElo "2282"]
[Annotator "NA"]
[PlyCount "28"]
[EventDate "2019.05.12"]
[EventType "swiss"]
[EventCountry "GER"]
[SourceTitle "playchess.com"]
[Source "ChessBase"]
[SourceQuality "1"]
[TimeControl "40/5400+30:900+30"]

1. e4 Nc6 2. d4 e5 3. Nf3 exd4 4. Nxd4 Nf6 5. Nc3 Bb4 6. Nxc6 bxc6 7. Bd3 d5 8. exd5 cxd5 9. O-O O-O 10. Bg5 Be6 11. Bxf6 Qxf6 12. Nxd5 Bxd5 13. Qh5 Rfd8 14. Qxh7+ Kf8 0-1

[Event "Bamberg-Open 2019"]
[Site "Bamberg"]
[Date "2019.06.01"]
[Round "6.16"]
[White "Sukaylo, Aleksey"]
[Black "Chennaoui, Yasin"]
[Result "1-0"]
[ECO "C41"]
[WhiteElo "2097"]
[BlackElo "2184"]
[Annotator "ChessBase"]
[PlyCount "87"]
[EventDate "2019.05.12"]
[EventType "swiss"]
[EventCountry "GER"]
[SourceTitle "playchess.com"]
[Source "ChessBase"]
[SourceQuality "1"]
[TimeControl "40/5400+30:900+30"]

1. e4 d6 2. d4 Nf6 3. Nc3 e5 4. Nf3 Nbd7 5. Bc4 Be7 6. O-O Nb6 7. Be2 Nfd7 8. a4 a5 9. Rb1 O-O 10. Be3 exd4 11. Nxd4 Nc5 12. b3 d5 13. exd5 Nxd5 14. Nxd5 Qxd5 15. Bc4 Qe5 16. Re1 Bd6 17. g3 Qf6 18. Nb5 Ne4 19. Bd4 Qg6 20. Bd3 f5 21. Nxd6 Qxd6 22. Bc4+ Kh8 23. Be3 Qf6 24. Qh5 Bd7 25. Rbd1 Be8 26. Qf3 Bc6 27. Bd5 Nc3 28. Bd4 Bxd5 29. Qxc3 Qf7 30. Bxg7+ Qxg7 31. Qxg7+ Kxg7 32. Rxd5 Rf7 33. Ree5 f4 34. Rxa5 Raf8 35. g4 b6 36. Rg5+ Kh8 37. Raf5 f3 38. Rxf7 Rxf7 39. Rf5 Rg7 40. Rf8+ Rg8 41. Rxg8+ Kxg8 42. b4 c5 43. a5 bxa5 44. bxa5 1-0

[Event "Bamberg-Open 2019"]
[Site "Bamberg"]
[Date "2019.06.01"]
[Round "6.17"]
[White "Johansson, Jukka"]
[Black "Schmidt, Justus"]
[Result "1-0"]
[ECO "D12"]
[WhiteElo "2071"]
[BlackElo "2153"]
[Annotator "ChessBase"]
[PlyCount "73"]
[EventDate "2019.05.12"]
[EventType "swiss"]
[EventCountry "GER"]
[SourceTitle "playchess.com"]
[Source "ChessBase"]
[SourceQuality "1"]
[TimeControl "40/5400+30:900+30"]

1. d4 d5 2. c4 c6 3. Nf3 Nf6 4. e3 Bf5 5. Nc3 e6 6. Nh4 Bg4 7. Qb3 Qb6 8. h3 Bh5 9. g4 Bg6 10. Nxg6 hxg6 11. Bg2 Be7 12. Bd2 g5 13. O-O-O Qxb3 14. axb3 Nbd7 15. e4 Nxe4 16. Nxe4 dxe4 17. Bxe4 O-O-O 18. Kc2 g6 19. Bg2 Nb6 20. Be3 Rhe8 21. Ra1 Kb8 22. f4 Bf6 23. fxg5 Bxd4 24. Bxd4 Rxd4 25. Rad1 e5 26. Rhf1 Re7 27. Rxd4 exd4 28. Kd2 Re3 29. Rf3 Re7 30. Rf4 Re3 31. Rf3 Re7 32. h4 Re4 33. Rg3 Re5 34. h5 Rxg5 35. h6 Re5 36. h7 Re8 37. Rf3 1-0

[Event "Bamberg-Open 2019"]
[Site "Bamberg"]
[Date "2019.06.01"]
[Round "6.18"]
[White "Legahn, Dirk"]
[Black "Haselbeck, Franz"]
[Result "1-0"]
[ECO "A45"]
[WhiteElo "2132"]
[BlackElo "1867"]
[Annotator "ChessBase"]
[PlyCount "69"]
[EventDate "2019.05.12"]
[EventType "swiss"]
[EventCountry "GER"]
[SourceTitle "playchess.com"]
[Source "ChessBase"]
[SourceQuality "1"]
[TimeControl "40/5400+30:900+30"]

1. d4 Nf6 2. Bf4 c5 3. d5 d6 4. Nc3 g6 5. e4 Bg7 6. Be2 O-O 7. h3 Na6 8. Nf3 Nc7 9. a4 a6 10. Nd2 Rb8 11. a5 b5 12. axb6 Rxb6 13. Nc4 Rb4 14. O-O Bd7 15. e5 Nh5 16. Bh2 dxe5 17. Bxe5 Bxe5 18. Nxe5 Rd4 19. Qc1 Nf4 20. Bf3 Ncxd5 21. Nxd5 Nxd5 22. c3 Rh4 23. Bxd5 Bf5 24. Rd1 Qc7 25. Nf3 Rh5 26. g4 Rxh3 27. gxf5 gxf5 28. Kg2 Rh5 29. Rh1 Rxh1 30. Kxh1 Kh8 31. Rxa6 c4 32. Qe3 f4 33. Qe5+ Qxe5 34. Nxe5 Rb8 35. Ra8 1-0

[Event "Bamberg-Open 2019"]
[Site "Bamberg"]
[Date "2019.06.01"]
[Round "6.19"]
[White "Birkner, Frank"]
[Black "Stauch, Edgar"]
[Result "1/2-1/2"]
[ECO "D02"]
[WhiteElo "1784"]
[BlackElo "2207"]
[Annotator "ChessBase"]
[PlyCount "117"]
[EventDate "2019.05.12"]
[EventType "swiss"]
[EventCountry "GER"]
[SourceTitle "playchess.com"]
[Source "ChessBase"]
[SourceQuality "1"]
[TimeControl "40/5400+30:900+30"]

1. d4 d5 2. Nf3 Nf6 3. Bf4 e6 4. e3 Bd6 5. c3 O-O 6. Bd3 b6 7. Qe2 c5 8. Ne5 Bb7 9. Nd2 Qc7 10. O-O Nbd7 11. Nxd7 Qxd7 12. Bxd6 Qxd6 13. f4 Nd7 14. g4 f5 15. gxf5 exf5 16. Nf3 c4 17. Bc2 Bc8 18. Ne5 Nf6 19. Kh1 b5 20. a3 a5 21. Rg1 Ra7 22. Rg5 Ng4 23. h3 Qh6 24. Kg2 Nxe5 25. dxe5 Re7 26. Rg3 Re6 27. Kh2 Rg6 28. Rxg6 Qxg6 29. Rg1 Qb6 30. Qd2 Be6 31. Bd1 Rd8 32. Bf3 Rd7 33. Rd1 Qb7 34. Qe1 Qb6 35. Rd4 Qc5 36. Qd2 Qc6 37. Kg3 Kf8 38. Kf2 Ke7 39. Qe1 Kd8 40. Qg1 Kc7 41. Rd1 Qc5 42. Rd2 b4 43. axb4 axb4 44. Qa1 b3 45. Rd1 g5 46. fxg5 f4 47. Rd4 fxe3+ 48. Kxe3 Kb7 49. Qh1 Kc6 50. Qg2 Re7 51. h4 Bf7 52. Kf4 Rxe5 53. Kg3 Rf5 54. Qf1 Bh5 55. Rxc4 Rxf3+ 56. Qxf3 Qxc4 57. Qxh5 Qd3+ 58. Qf3 Qc2 59. Qf2 1/2-1/2

[Event "Bamberg-Open 2019"]
[Site "Bamberg"]
[Date "2019.06.01"]
[Round "6.20"]
[White "Grimm, Pascal"]
[Black "Mittag, Ralf"]
[Result "1-0"]
[ECO "A40"]
[WhiteElo "1880"]
[BlackElo "2203"]
[Annotator "ChessBase"]
[PlyCount "155"]
[EventDate "2019.05.12"]
[EventType "swiss"]
[EventCountry "GER"]
[SourceTitle "playchess.com"]
[Source "ChessBase"]
[SourceQuality "1"]
[TimeControl "40/5400+30:900+30"]

1. d4 g6 2. Bf4 Bg7 3. Nc3 d6 4. e4 Nc6 5. d5 Ne5 6. Be2 c6 7. Nf3 Nxf3+ 8. Bxf3 Bd7 9. O-O Nf6 10. Qd2 O-O 11. Rfe1 cxd5 12. exd5 Re8 13. h3 Rc8 14. a4 Qb6 15. Ra3 a6 16. Be3 Qc7 17. a5 e6 18. Bb6 Qb8 19. Rb3 e5 20. Ra3 Kh8 21. b4 Ng8 22. Rb3 f5 23. b5 axb5 24. Nxb5 Bh6 25. Qd1 Bxb5 26. Rxb5 Nf6 27. Qb1 Rc3 28. Be3 Bxe3 29. Rxe3 Rxe3 30. fxe3 Qa7 31. Qb3 Re7 32. Kh2 Kg7 33. c4 Rc7 34. g3 Nd7 35. Rb6 Nc5 36. Qb2 Qxa5 37. Rxd6 Nd3 38. Qe2 e4 39. Bg2 Rxc4 40. Rd7+ Kh6 41. g4 Qb5 42. g5+ Kxg5 43. Rxh7 Qxd5 44. h4+ Kf6 45. Qa2 Qd6+ 46. Kh3 b5 47. Bf1 Qb6 48. Kh2 Qd6+ 49. Kh3 f4 50. Qa8 Qe6+ 51. Kh2 Rc2+ 52. Kh1 Nf2+ 53. Kh2 Ng4+ 54. Kg1 Rc8 55. Qa7 Rg8 56. Qd4+ Ne5 57. exf4 Re8 58. fxe5+ Qxe5 59. Qf2+ Qf5 60. Bxb5 Re6 61. Bd7 Qxf2+ 62. Kxf2 Rd6 63. Bg4 Rd3 64. Ra7 Rd8 65. Ra6+ Kg7 66. Re6 Rd2+ 67. Be2 Rd4 68. Ke3 Ra4 69. Rxe4 Ra3+ 70. Kf4 Rh3 71. Kg5 Rg3+ 72. Bg4 Kf7 73. Ra4 Rg1 74. Ra7+ Kf8 75. Kf6 Kg8 76. Rg7+ Kh8 77. Rxg6 Rb1 78. Rh6+ 1-0

[Event "Bamberg-Open 2019"]
[Site "Bamberg"]
[Date "2019.06.01"]
[Round "6.21"]
[White "Korolev, Alexandr"]
[Black "Spitzl, Philipp"]
[Result "0-1"]
[ECO "C03"]
[WhiteElo "2143"]
[BlackElo "2013"]
[Annotator "RC"]
[PlyCount "174"]
[EventDate "2019.05.12"]
[EventType "swiss"]
[EventCountry "GER"]
[SourceTitle "playchess.com"]
[Source "ChessBase"]
[SourceQuality "1"]
[TimeControl "40/5400+30:900+30"]

1. e4 e6 2. d4 d5 3. Nd2 Be7 4. Bd3 c5 5. dxc5 Nf6 6. Qe2 a5 7. Ngf3 O-O 8. O-O Na6 9. e5 Nd7 10. Nd4 Ndxc5 11. Bb5 Nc7 12. a4 Nxb5 13. axb5 Bd7 14. Ra3 f6 15. f4 fxe5 16. fxe5 Rxf1+ 17. Qxf1 Qb6 18. Rf3 Rf8 19. Kh1 Qc7 20. Rxf8+ Bxf8 21. Qe2 Qd8 22. N2f3 Ne4 23. Be3 Be7 24. c4 Qc8 25. cxd5 exd5 26. Qd3 Qc4 27. Qxc4 dxc4 28. e6 Be8 29. Ne5 c3 30. bxc3 Nxc3 31. Nf5 Bb4 32. b6 Ne4 33. Nd3 Ba3 34. Bd4 g6 35. Ne3 Bb5 36. Ne5 Bc5 37. Bxc5 Nxc5 38. e7 a4 39. Nd5 a3 40. Nc3 Be8 41. Nc4 Na4 42. Na2 Kf7 43. Nxa3 Nxb6 44. Kg1 Kxe7 45. Kf2 Kd6 46. Ke3 Kc5 47. Kf4 h6 48. Nc2 Nc4 49. h4 Ba4 50. Ne1 Bb3 51. Nc1 Bd1 52. Ke4 Nd6+ 53. Ke5 Nf5 54. Ned3+ Kc6 55. Kf6 Nxh4 56. g3 Nf5 57. Kxg6 Nxg3 58. Kxh6 b5 59. Kg5 Ne2 60. Na2 Kd5 61. Nf4+ Kc4 62. Ng2 Bb3 63. Ne3+ Kd3 64. Nb4+ Kxe3 65. Na6 Bc4 66. Kf5 Kd4 67. Kf6 Nc3 68. Ke7 Ne4 69. Nb4 Kc5 70. Na6+ Kb6 71. Nb4 Ka5 72. Nc6+ Ka4 73. Kd7 Bd5 74. Nd4 b4 75. Kc7 Bc4 76. Kc6 Bd3 77. Kd5 Nc3+ 78. Ke5 Nb5 79. Ne6 Ka3 80. Nc5 Bf1 81. Ke4 Nc3+ 82. Ke3 Na4 83. Ne4 b3 84. Nd2 b2 85. Kf2 Bb5 86. Ke1 Nc3 87. Kf2 Ne4+ {[%emt 0:00:39] Nc4+} 0-1

[Event "Bamberg-Open 2019"]
[Site "Bamberg"]
[Date "2019.06.01"]
[Round "6.22"]
[White "Krauseneck, Peter"]
[Black "Syed, Tareq"]
[Result "1/2-1/2"]
[ECO "A01"]
[WhiteElo "2136"]
[BlackElo "2001"]
[Annotator "ChessBase"]
[PlyCount "86"]
[EventDate "2019.05.12"]
[EventType "swiss"]
[EventCountry "GER"]
[SourceTitle "playchess.com"]
[Source "ChessBase"]
[SourceQuality "1"]
[TimeControl "40/5400+30:900+30"]

1. b3 Nh6 2. Bb2 f6 3. d4 d5 4. Nd2 c5 5. e3 Bf5 6. Ngf3 Nc6 7. Bb5 a6 8. Bxc6+ bxc6 9. O-O Bd7 10. Re1 e6 11. e4 Be7 12. c4 cxd4 13. exd5 cxd5 14. cxd5 e5 15. Nxd4 Qa5 16. Nc6 Qxd5 17. Nxe7 Kxe7 18. Ba3+ Ke6 19. Ne4 Qxd1 20. Rexd1 Bb5 21. Rd6+ Kf5 22. f3 Rhd8 23. Rad1 Rxd6 24. Rxd6 Nf7 25. Rb6 Rd8 26. g4+ Kg6 27. h4 h6 28. h5+ Kh7 29. Kf2 Rc8 30. Nc5 Rc6 31. Rxc6 Bxc6 32. Nxa6 Ng5 33. Bc1 Nxf3 34. Nb4 Bb7 35. Bb2 Nh2 36. Kg3 Nf1+ 37. Kh3 Nd2 38. Bc1 Ne4 39. Be3 Nd6 40. a4 f5 41. gxf5 Nxf5 42. Bf2 e4 43. Nc2 Bd5 1/2-1/2

[Event "Bamberg-Open 2019"]
[Site "Bamberg"]
[Date "2019.06.01"]
[Round "6.23"]
[White "Boehme, Markus"]
[Black "Bunk, Wolfgang"]
[Result "1/2-1/2"]
[ECO "A05"]
[WhiteElo "2118"]
[BlackElo "1995"]
[Annotator "ChessBase"]
[PlyCount "64"]
[EventDate "2019.05.12"]
[EventType "swiss"]
[EventCountry "GER"]
[SourceTitle "playchess.com"]
[Source "ChessBase"]
[SourceQuality "1"]
[TimeControl "40/5400+30:900+30"]

1. Nf3 Nf6 2. g3 c5 3. Bg2 Nc6 4. O-O e5 5. d3 d5 6. e4 Be7 7. exd5 Nxd5 8. Re1 f6 9. c3 Nc7 10. Nh4 O-O 11. Be4 f5 12. Bxc6 Bxh4 13. Bg2 Bf6 14. Be3 Ne6 15. a4 g5 16. Na3 Rb8 17. Qb3 Kh8 18. Nc4 Qc7 19. Rad1 Bd7 20. Bc1 b6 21. Ne3 f4 22. Nd5 Qd6 23. Be4 Bg7 24. Qc2 Bc6 25. Qb3 Qd7 26. Qa2 Bxa4 27. b3 Bc6 28. c4 Nd4 29. Bb2 Rf7 30. Bxd4 exd4 31. f3 Qd6 32. g4 Be5 1/2-1/2

[Event "Bamberg-Open 2019"]
[Site "Bamberg"]
[Date "2019.06.01"]
[Round "6.24"]
[White "Ziegenfuss, Antonia"]
[Black "Hoekstra, Peter"]
[Result "0-1"]
[ECO "E73"]
[WhiteElo "2111"]
[BlackElo "1979"]
[Annotator "ChessBase"]
[PlyCount "106"]
[EventDate "2019.05.12"]
[EventType "swiss"]
[EventCountry "GER"]
[SourceTitle "playchess.com"]
[Source "ChessBase"]
[SourceQuality "1"]
[TimeControl "40/5400+30:900+30"]

1. d4 Nf6 2. c4 g6 3. Nc3 Bg7 4. e4 d6 5. Be2 O-O 6. Be3 e5 7. d5 Na6 8. g4 Nc5 9. f3 h5 10. h3 a5 11. Qd2 Nh7 12. O-O-O h4 13. g5 f6 14. gxf6 Bxf6 15. Kb1 Bg5 16. Bxg5 Qxg5 17. Qxg5 Nxg5 18. Nb5 Rf7 19. Rh2 Kg7 20. Rg2 Kh6 21. b3 Na6 22. Na3 Rf4 23. Rh2 Bd7 24. Nc2 Nh7 25. Ne3 g5 26. Kb2 Nc5 27. Kc3 Rf7 28. Bf1 Nf6 29. a3 Nh5 30. Ra2 Ng3 31. Rb1 b6 32. Raa1 a4 33. b4 Nb3 34. Ra2 Raf8 35. Bg2 Nd4 36. Kd3 Nxf3 37. Nxf3 Rxf3 38. Bxf3 Rxf3 39. Rh2 Be8 40. Re1 Bg6 41. b5 Bxe4+ 42. Kc3 Nf5 43. Kd2 Kg6 44. Nxf5 Kxf5 45. Re3 Kf4 46. Rhe2 Bf5 47. Rxf3+ Kxf3 48. Ke1 Bxh3 49. Rf2+ Kg3 50. Rf7 Bg4 51. Rxc7 h3 52. Rh7 h2 53. c5 Bh3 0-1

[Event "Bamberg-Open 2019"]
[Site "Bamberg"]
[Date "2019.06.01"]
[Round "6.25"]
[White "Wolf, Pablo"]
[Black "Boehme, Sebastian"]
[Result "1-0"]
[ECO "B10"]
[WhiteElo "1976"]
[BlackElo "2103"]
[Annotator "ChessBase"]
[PlyCount "78"]
[EventDate "2019.05.12"]
[EventType "swiss"]
[EventCountry "GER"]
[SourceTitle "playchess.com"]
[Source "ChessBase"]
[SourceQuality "1"]
[TimeControl "40/5400+30:900+30"]

1. e4 c6 2. Ne2 d5 3. e5 Bf5 4. Ng3 Bg6 5. h4 h5 6. d4 e6 7. Be2 Be7 8. Nxh5 Bxh5 9. Bxh5 c5 10. Qg4 Kf8 11. Rh3 Nh6 12. Bxh6 Rxh6 13. Rf3 f5 14. exf6 Bxf6 15. dxc5 Nc6 16. Rf4 e5 17. Ra4 Nd4 18. Na3 g6 19. Bxg6 Rxh4 20. Rxd4 exd4 21. Qe6 Qe7 22. Qxe7+ Bxe7 23. O-O-O Rg4 24. Bf5 Bg5+ 25. Kb1 Rxg2 26. Nb5 Rxf2 27. Be6 Re8 28. Bxd5 d3 29. cxd3 Ree2 30. Nxa7 Bf6 31. Rg1 Rxb2+ 32. Kc1 Bg7 33. Rxg7 Kxg7 34. Bb3 Rbe2 35. Kd1 Rh2 36. Nb5 Reg2 37. Kc1 Rg1+ 38. Bd1 Rxa2 39. Nc3 Ra3 1-0

[Event "Bamberg-Open 2019"]
[Site "Bamberg"]
[Date "2019.06.01"]
[Round "6.26"]
[White "Haasner, Tom"]
[Black "Schenk, Alexander"]
[Result "1-0"]
[ECO "D00"]
[WhiteElo "1963"]
[BlackElo "2096"]
[Annotator "NA"]
[PlyCount "83"]
[EventDate "2019.05.12"]
[EventType "swiss"]
[EventCountry "GER"]
[SourceTitle "playchess.com"]
[Source "ChessBase"]
[SourceQuality "1"]
[TimeControl "40/5400+30:900+30"]

1. d4 d5 2. Bf4 c5 3. e3 e6 4. c3 Nc6 5. Nf3 Nf6 6. Nbd2 Bd6 7. Bg3 O-O 8. Bd3 Qe7 9. Ne5 Bxe5 10. dxe5 {[%emt 0:00:36] D02: 1 d4 d5 2 Nf3 sidelines, including 2...Nf6 3 g3 and 2...Nf6 3 Bf4} Nd7 11. f4 f6 12. Nf3 (12. Bh4 Qf7 13. exf6 Nxf6 14. O-O e5 15. Bxf6 gxf6 16. e4 Kh8 17. exd5 Qxd5 18. Be4 Qd6 19. Nc4 Qe7 20. Qh5 exf4 21. Rxf4 Ne5 22. Nxe5 {1-0 (22) Kramnik,V (2777)-Rasmussen,A (2498) Berlin 2015}) 12... fxe5 13. fxe5 Qe8 14. Qc2 $146 ({Predecessor:} 14. O-O Qh5 15. e4 Nb6 16. a4 a5 17. h4 Bd7 18. exd5 Nxd5 {1-0 (45) Dos Santos,H (2270)-Moraes,A Sao Paulo 1997}) 14... g6 15. b3 a6 16. Bf4 Qe7 17. O-O Qg7 18. Kh1 b5 19. c4 Nb4 20. Qc3 bxc4 21. bxc4 d4 22. Nxd4 Nxe5 23. Be4 Ra7 24. Nf3 Nxf3 25. Qxg7+ Kxg7 26. Rxf3 Rd7 {[%emt 0:04:55] [#]} 27. Bh6+ $1 {[%emt 0:02:12] Discovered Attack} Kxh6 28. Rxf8 $18 Bb7 29. Bxb7 Rxb7 30. Rc8 Nc2 31. Rc1 Nxe3 32. Rxc5 Rb2 33. h3 Nxg2 34. Re5 Nh4 35. Re3 Nf5 36. Rb3 Rxa2 37. c5 Nd4 38. Re3 Nf5 39. Rec3 e5 40. c6 Ne7 41. c7 Nc8 42. Rd3 1-0

[Event "Bamberg-Open 2019"]
[Site "Bamberg"]
[Date "2019.06.02"]
[Round "7.2"]
[White "Stets, Dmitry"]
[Black "Pacher, Milan"]
[Result "1-0"]
[ECO "B90"]
[WhiteElo "2391"]
[BlackElo "2396"]
[Annotator "ChessBase"]
[PlyCount "112"]
[EventDate "2019.05.12"]
[EventType "swiss"]
[EventCountry "GER"]
[SourceTitle "playchess.com"]
[Source "ChessBase"]
[SourceQuality "1"]
[TimeControl "40/5400+30:900+30"]

1. e4 c5 2. Nc3 d6 3. Nf3 Nf6 4. d4 cxd4 5. Nxd4 a6 6. Be3 e5 7. Nb3 Be6 8. Qd2 Nbd7 9. O-O-O b5 10. f4 Be7 11. h3 O-O 12. g4 b4 13. Nd5 Bxd5 14. exd5 a5 15. Kb1 a4 16. Nc1 Qb8 17. Qg2 exf4 18. Bxf4 Rc8 19. Bd3 Nb6 20. Bf5 Rc7 21. g5 Nh5 22. Be3 Nc4 23. Bd4 g6 24. Be4 Bf8 25. Bf3 Ng7 26. Bg4 Qb5 27. h4 b3 28. cxb3 axb3 29. Nxb3 Qa4 30. Nc1 Rb8 31. Nb3 Ra8 32. Nc1 Rb8 33. Nb3 Nf5 34. Bxf5 gxf5 35. Rd3 Bg7 36. Bxg7 Kxg7 37. Qf2 Ra7 38. Qd4+ Kg8 39. Kc2 Rb4 40. Qf6 Qe8 41. Kb1 Qa8 42. Qc3 Rxa2 43. Rh2 Rba4 44. Rd4 Na3+ 45. Kc1 Nb5 46. Rxa4 Rxa4 47. Qc6 Qa7 48. Re2 Rb4 49. Qc8+ Kg7 50. Qxf5 Nc7 51. Qf6+ Kg8 52. Re7 Qg1+ 53. Kc2 Qh2+ 54. Kb1 Rf4 55. Qc3 Qg1+ 56. Nc1 Qe3 1-0

[Event "Bamberg-Open 2019"]
[Site "Bamberg"]
[Date "2019.06.02"]
[Round "7.3"]
[White "Mooser, Stefan"]
[Black "Spitzl, Vinzent"]
[Result "1/2-1/2"]
[ECO "D30"]
[WhiteElo "2215"]
[BlackElo "2263"]
[Annotator "ChessBase"]
[PlyCount "39"]
[EventDate "2019.05.12"]
[EventType "swiss"]
[EventCountry "GER"]
[SourceTitle "playchess.com"]
[Source "ChessBase"]
[SourceQuality "1"]
[TimeControl "40/5400+30:900+30"]

1. d4 d5 2. c4 e6 3. Nf3 Nf6 4. g3 Bb4+ 5. Bd2 Bd6 6. Bg2 O-O 7. O-O Nbd7 8. Qc2 c6 9. Rd1 Ne4 10. Be1 f5 11. b4 Qe7 12. b5 dxc4 13. bxc6 Nb6 14. Nbd2 Nxd2 15. Nxd2 bxc6 16. Nxc4 Nxc4 17. Qxc4 Rb8 18. Rab1 Rxb1 19. Rxb1 c5 20. dxc5 1/2-1/2

[Event "Bamberg-Open 2019"]
[Site "Bamberg"]
[Date "2019.06.02"]
[Round "7.4"]
[White "Weishaeutel, Moritz"]
[Black "Plat, Vojtech"]
[Result "0-1"]
[ECO "C41"]
[WhiteElo "2252"]
[BlackElo "2540"]
[Annotator "ChessBase"]
[PlyCount "96"]
[EventDate "2019.05.12"]
[EventType "swiss"]
[EventCountry "GER"]
[SourceTitle "playchess.com"]
[Source "ChessBase"]
[SourceQuality "1"]
[TimeControl "40/5400+30:900+30"]

1. e4 e5 2. Nf3 d6 3. d4 exd4 4. Nxd4 Nf6 5. Nc3 Be7 6. Bf4 O-O 7. Qd2 c6 8. O-O-O b5 9. f3 b4 10. Na4 Bd7 11. g4 c5 12. Nf5 Bxa4 13. Nxe7+ Qxe7 14. Bxd6 Qe8 15. Bxc5 Nbd7 16. Bxf8 Qxf8 17. b3 Bc6 18. Qd6 Qxd6 19. Rxd6 Ne5 20. Be2 a5 21. Rhd1 Ne8 22. f4 Nxd6 23. Rxd6 Bxe4 24. fxe5 Kf8 25. Bb5 Rc8 26. Bc4 Rc5 27. Rd8+ Ke7 28. Rg8 Rxe5 29. Rxg7 Bg6 30. Rg8 Re1+ 31. Kd2 Rh1 32. Ra8 Rxh2+ 33. Be2 h5 34. Ke3 h4 35. Rxa5 h3 36. Bd3 Rxc2 37. Bxc2 h2 38. Rh5 Bxh5 39. Be4 Bxg4 40. Kf4 Bd1 41. Kg3 Bc2 42. Bf3 Bb1 43. Kxh2 Bxa2 44. Bd5 f5 45. Kg3 Kd6 46. Bg8 Ke5 47. Kf3 Bb1 48. Ke3 Be4 {[%emt 0:00:03] Kd4+} 0-1

[Event "Bamberg-Open 2019"]
[Site "Bamberg"]
[Date "2019.06.02"]
[Round "7.5"]
[White "Hirneise, Jens"]
[Black "Fiedorek, Michal"]
[Result "1/2-1/2"]
[ECO "B67"]
[WhiteElo "2375"]
[BlackElo "2088"]
[Annotator "ChessBase"]
[PlyCount "45"]
[EventDate "2019.05.12"]
[EventType "swiss"]
[EventCountry "GER"]
[SourceTitle "playchess.com"]
[Source "ChessBase"]
[SourceQuality "1"]
[TimeControl "40/5400+30:900+30"]

1. e4 c5 2. Nf3 d6 3. d4 cxd4 4. Nxd4 Nf6 5. Nc3 Nc6 6. Bg5 e6 7. Qd2 a6 8. O-O-O Bd7 9. f4 b5 10. Bxf6 gxf6 11. Kb1 b4 12. Nce2 Qb6 13. Nxc6 Bxc6 14. f5 e5 15. Ng3 h5 16. Bc4 h4 17. Nf1 Qc5 18. Qd3 Bh6 19. Nd2 Bb5 20. Qb3 O-O 21. Bd3 Rfc8 22. Nf3 Rc6 23. Ne1 1/2-1/2